 Dungeon Crawl Stone Soup version 0.32-a0-999-gfa1cc04b1d (webtiles) character file.

Game seed: 5962914966533153956

48 adelrune the Sneak (level 3, -2/16 HPs)
             Began as a Spriggan Enchanter on Apr 26, 2024.
             Slain by a gnoll
             ... wielding a +0 spear
              (4 damage)
             ... on level 2 of the Dungeon.
             The game lasted 00:05:31 (1168 turns).

adelrune the Sneak (Spriggan Enchanter)             Turns: 1168, Time: 00:05:32

Health: -2/16      AC:  2    Str:  4    XL:     3   Next: 50%
Magic:  3/8        EV: 16    Int: 18    God:
Gold:   24         SH:  0    Dex: 15    Spells: 3/8 levels left

rFire   + . .        a - +1 dagger
rCold   . . .        (no shield)
rNeg    . . .        b - +0 robe
rPois   .            (helmet restricted)
rElec   .            (no cloak)
rCorr   .            (gloves unavailable)
SInv    +            (boots unavailable)
Will    .....        (no amulet)
Stlth   +++          d - ring of protection from fire
HPRegen 0.22/turn    (no ring)
MPRegen 0.11/turn

%: no passive effects
@: very quick
A: very small, no large weapons, unfitting armour, see invisible, speed 3
a: no special abilities


You were on level 2 of the Dungeon.
You visited 1 branch of the dungeon, and saw 2 of its levels.

You collected 24 gold pieces.

Inventory:

Hand Weapons
 a - a +1 dagger (weapon)
Missiles
 f - 2 throwing nets (quivered)
Armour
 b - a +0 robe (worn)
Jewellery
 d - a ring of protection from fire (left hand)
Scrolls
 e - a scroll of noise {unknown}
Potions
 c - 2 potions of invisibility


   Skills:
 + Level 1.9 Short Blades
 - Level 2.6 Dodging
 + Level 5.0 Stealth
 + Level 3.2 Spellcasting
 * Level 4.5 Hexes


You had 3 spell levels left.
You knew the following spells:

 Your Spells              Type           Power      Damage    Failure   Level
a - Ensorcelled Hibernat  Hex/Ice        22%        N/A       10%         2
b - Tukima's Dance        Hex            19%        N/A       8%          3

Your spell library contained the following spells:

 Spells                   Type           Power      Damage    Failure   Level
 Confusing Touch          Hex            19%        N/A       8%          3
 Dazzling Flash           Conj/Hex       22%        N/A       19%         3
 Cigotuvi's Dreadful Rot  Necr/Alch/Air  4%         N/A       24%         2
 Ignite Poison            Fire/Alch      2%         N/A       85%         4
 Freezing Cloud           Conj/Ice/Air   1%         6-21      99%         5


Dungeon Overview and Level Annotations

Branches:
Dungeon (2/15)

Altars:


Innate Abilities, Weirdness & Mutations

You are very small and have problems with some larger weapons.
You are too small for most types of armour.
You have supernaturally acute eyesight. (SInv)
You cover ground extremely quickly. (Speed+++)


Message History

There is a stone staircase leading down, spattered with blood here.
This spell is extremely dangerous to cast!
You start memorising the spell.
You continue memorising. x3
You finish memorising.
Spell assigned to 'b'.
You climb downwards.
There is a stone staircase leading up here.
A gnoll comes into view. It is wielding a +0 flail.
Casting: Ensorcelled Hibernation (safe; 10% risk of failure)
Confirm with . or Enter, or press ? or * to list all spells.
Okay, then.
Casting: Tukima's Dance (extremely dangerous; 8% risk of failure)
Confirm with . or Enter, or press ? or * to list all spells.
Aiming: Tukima's Dance (extremely dangerous; 8% risk of failure)
Press: ? - help, Shift-Dir - straight line, f - gnoll
Aim: a gnoll, wielding a +0 flail (wandering, hasn't noticed you, chance to affect: 60%)
The gnoll shouts!
The gnoll resists with significant effort.
The gnoll shouts!
Casting: Tukima's Dance (extremely dangerous; 8% risk of failure)
Confirm with . or Enter, or press ? or * to list all spells.
Aiming: Tukima's Dance (extremely dangerous; 8% risk of failure)
Press: ? - help, Shift-Dir - straight line, f - gnoll, p - gnoll
Aim: a gnoll, wielding a +0 halberd (chance to affect: 60%)
The +0 halberd dances into the air!
The goblin shouts!
The goblin hits you with a +0 dagger of speed.
The goblin misses you.
Something hits the gnoll.
There is a stone staircase leading up here.
The goblin barely misses you.
Your +0 halberd hits the gnoll from afar!
The gnoll dies!
The goblin hits you with a +0 dagger of speed.
The gnoll hits you from afar with a +0 spear!
Ouch! That really hurt!
* * * LOW HITPOINT WARNING * * *
Your Stealth skill increases to level 5!
The goblin closely misses you.
The gnoll hits you from afar with a +0 spear.
You die...

#.......# #.......# #.......#
#.......# ..# #.......## ###....
#....^...#### #........
........>...# #........#
#...........#########........#
..####........@..............#
..............ggg...........##
#######.##...†....(#..........
#..##..####.†............
##.####...#..#............
#Bb####......##...?.$##.
#.##....###...#.........#
..................#.#.........#
......l##.g.......#..........g.g


You could see 2 gnolls, a goblin (ally target) and a friendly +0 halberd.

Vanquished Creatures
  An adder (D:2)
  A dart slug (D:1)
  A ball python (D:1)
  4 endoplasms
  A giant cockroach (D:1)
  4 goblins (D:1)
  A hobgoblin (D:1)
  4 jackals (D:1)
  A quokka (D:1)
  3 bats
  A kobold (D:1)
  2 rats (D:1)
24 creatures vanquished.

Vanquished Creatures (collateral kills)
  A gnoll (D:2)
1 creature vanquished.

Grand Total: 25 creatures vanquished

Notes
Turn   | Place    | Note
-------+----------+-------------------------------------------
     0 | D:1      | adelrune the Spriggan Enchanter began the quest for the
                  | Orb.
     0 | D:1      | Reached XP level 1. HP: 9/9 MP: 5/5
   244 | D:1      | Reached XP level 2. HP: 8/13 MP: 6/6
   844 | D:1      | Learned a level 2 spell: Ensorcelled Hibernation
   902 | D:2      | Reached XP level 3. HP: 12/16 MP: 5/8
  1151 | D:1      | Learned a level 3 spell: Tukima's Dance
  1168 | D:2      | Reached skill level 5 in Stealth
  1168 | D:2      | Slain by a gnoll

Illustrated notes

Levels and vault maps discovered:
D:1:      dpeg_arrival_rhombi, layout_basic
D:2:      layout_rooms, uniq_natasha

Skill      XL: |  1  2  3 |
---------------+----------+-----
Hexes          | 4 |  4.5
Spellcasting   | 3 |  3.2
Stealth        | 5 |  5.0
Short Blades   | |  1.9
Dodging        | |  2.6

Action                     || total
---------------------------++-------
  Melee: Dagger            ||   108
   Cast: Ensorcelled Hiber ||     8
         Tukima's Dance    ||     2
   Stab: Sleeping          ||     9
 Armour: Robe              ||    50
  Dodge: Dodged            ||   111

Table legend: (Time is in decaauts)
 A = Elapsed time spent in this place.
 B = Non-inter-level travel time spent in this place.
 C = Inter-level travel time spent in this place.
 D = Time resting spent in this place.
 E = Time spent auto-exploring this place.
 F = Levels seen in this place.
 G = Mean time per level.
                   A        B        C        D        E       F      G
               +--------+--------+--------+--------+--------+-----+--------+
         Total |    873 |    845 |     28 |    277 |    280 |   2 |  436.5 |
       Dungeon |    873 |    845 |     28 |    277 |    280 |   2 |  436.5 |
               +--------+--------+--------+--------+--------+-----+--------+

Top non-repeatable levels by time:
     D:1: 762 daAuts
     D:2: 111 daAuts
